 Dungeon Sprint DCSS version 0.22-b1-21-g5cfc168 (webtiles) character file.

6100000 tyranidshit the Intangible (level 25, -115/163 HPs)
             Began as a Spriggan Warper on Aug 3, 2018.
             Was the Champion of Makhleb.
             Annihilated by a sculptor of flesh
             ... wielding a +9 great sword
              (256 damage)
             ... in the Dungeon (Sprint VIII: "Arena of Blood").
             The game lasted 00:03:18 (61 turns).

tyranidshit the Intangible (Spriggan Warper)          Turns: 61, Time: 00:03:18

Health: -115/163   AC:  4    Str: 15    XL:     25   Next: 38%
Magic:  17/55      EV: 40    Int: 16    God:    Makhleb [******]
Gold:   0          SH:  0    Dex: 18    Spells: 78/78 levels left

rFire    . . .     SeeInvis +   c - +∞ Axe of Woe
rCold    . . .     Gourm    .   (shield currently unavailable)
rNeg     . . .     Faith    .   b - +0 robe
rPois    .         Spirit   .   (helmet restricted)
rElec    .         Reflect  .   (no cloak)
rCorr    .         Harm     .   (gloves unavailable)
MR       ++++.     NoTele   +   (boots unavailable)
Stlth    +++++++++.             (no amulet)
HPRegen  0.37/turn              (no ring)
MPRegen  0.34/turn              (no ring)

@: very slightly contaminated, very quick
A: very small, unfitting armour, see invisible, herbivore, speed 3, slow
metabolism 2
a: Minor Destruction, Lesser Servant of Makhleb, Major Destruction, Greater
Servant of Makhleb, Renounce Religion


You were in the Dungeon.
You worshipped Makhleb.
Makhleb was exalted by your worship.
You were not hungry.

You visited 1 branch

Inventory:

Hand Weapons
 a - a +0 hand axe
 c - the +∞ Axe of Woe (weapon)
   (You found it in the Dungeon)
Missiles
 e - 5 tomahawks of dispersal (quivered)
Armour
 b - a +0 robe (worn)
Potions
 g - a potion of curing
 h - a potion of heal wounds
 i - a potion of haste
 j - 2 potions of magic
 k - a potion of berserk rage
Comestibles
 f - a ration


   Skills:
 O Level 27 Fighting
 O Level 27 Axes
 O Level 27 Throwing
 O Level 27 Armour
 O Level 27 Dodging
 O Level 27 Stealth
 O Level 27 Unarmed Combat
 O Level 27 Spellcasting
   Level 4.4 Translocations
 O Level 27 Invocations


You had 78 spell levels left.
You didn't know any spells.
Your spell library contained the following spells:

 Spells                   Type           Power        Failure   Level  Hunger
 Teleport Other           Tloc           #####...     1%          3    None
 Blink                    Tloc           N/A          1%          2    None
 Passage of Golubria      Tloc           N/A          2%          4    None
 Shroud of Golubria       Chrm/Tloc      ####......   1%          2    None
 Gell's Gravitas          Tloc           #####.....   1%          3    None
 Lesser Beckoning         Tloc           #####.....   1%          3    None


Dungeon Overview and Level Annotations

Branches:
Dungeon (1/1)

Altars:
Makhleb


Innate Abilities, Weirdness & Mutations

You are very small and have problems with some larger weapons.
You are too small for most types of armour.
You have supernaturally acute eyesight. (SInv)
You are a herbivore.
You cover ground extremely quickly.
You need to consume almost no food.


Message History

The bag of meat is engulfed in blazing flames.
You hear a shout! x3
A bag of meat comes into view. It is wielding a +9 war axe.
You hear a shout!
The bag of meat shouts!
You hear a shout! x3
The bag of meat is engulfed in blazing flames.
You hear a shout! x4
Your cacodemon closely misses the bag of meat. x2
The large bag of meat is engulfed in blazing flames.
The bag of meat is engulfed in blazing flames.
Unknown command.
A bag of meat comes into view. It is wielding a +9 war axe.
You hear a shout! x2
The bag of meat is engulfed in blazing flames.
The meat beast appears out of thin air!
A meat beast comes into view.
You hear a shout!
The sculptor of flesh hits you with a +9 great sword!!!!!
Ouch! That really hurt!
You die...

...o.o..o.. ..O).......
##. #...
...#........#... #....
........V...#...###o...#
..##.#.............Oo#..
.............. ...o.....
##....#...Oo####..o.....
........o.ooo§#zzo....#
o.)))))..%oooo2.@o.#
#))).).o=)oO§o2.####
#################


You could see a meat beast, 2 sculptors of flesh, 2 large bags of meat, a meat
berserker (berserk), 16 bags of meat and a friendly cacodemon.

Vanquished Creatures
  A vampire knight (D)
  14 ogres (D)
  2 two-headed ogres (D)
  30 orcs (D)
47 creatures vanquished.

Notes
Turn   | Place    | Note
-------+----------+-------------------------------------------
     0 | D        | Found the +∞ Axe of Woe
     0 | D        | tyranidshit the Spriggan Warper began the quest for the Orb.
     0 | D        | Reached XP level 1. HP: 10/10 MP: 5/5
     2 | D        | Noticed a meat berserker
     2 | D        | Noticed a bag of meat
     3 | D        | Became a worshipper of Makhleb the Destroyer
     3 | D        | Noticed a bag of meat
     5 | D        | Noticed a bag of meat
     6 | D        | Noticed a bag of meat
     8 | D        | Killed a meat berserker
     8 | D        | Reached XP level 2. HP: 27/27 MP: 5/24
     8 | D        | Reached XP level 3. HP: 31/31 MP: 5/25
     8 | D        | Reached XP level 4. HP: 36/36 MP: 5/27
     8 | D        | Reached XP level 5. HP: 40/40 MP: 5/28
     8 | D        | Reached XP level 6. HP: 45/45 MP: 5/30
     8 | D        | Reached XP level 7. HP: 49/49 MP: 5/31
     8 | D        | Reached XP level 8. HP: 54/54 MP: 5/33
     8 | D        | Reached XP level 9. HP: 58/58 MP: 5/34
     8 | D        | Reached XP level 10. HP: 63/63 MP: 5/35
     8 | D        | Reached XP level 11. HP: 67/67 MP: 5/36
     8 | D        | Reached XP level 12. HP: 72/72 MP: 5/37
     8 | D        | Reached XP level 13. HP: 76/76 MP: 5/38
     8 | D        | Noticed a bag of meat
     9 | D        | Noticed a bag of meat
    10 | D        | Killed a bag of meat
    10 | D        | Reached * piety under Makhleb
    10 | D        | Reached skill level 27 in Dodging
    10 | D        | Noticed a bag of meat
    11 | D        | Noticed a bag of meat
    11 | D        | Noticed a bag of meat
    11 | D        | Noticed a bag of meat
    11 | D        | Noticed a bag of meat
    11 | D        | Noticed a large bag of meat
    11 | D        | Noticed a bag of meat
    11 | D        | Noticed a bag of meat
    11 | D        | Noticed a bag of meat
    11 | D        | Noticed a bag of meat
    11 | D        | Noticed a bag of meat
    11 | D        | Noticed a bag of meat
    11 | D        | Noticed a bag of meat
    11 | D        | Noticed a bag of meat
    11 | D        | Noticed a bag of meat
    11 | D        | Noticed a bag of meat
    12 | D        | Killed a bag of meat
    12 | D        | Reached skill level 15 in Fighting
    12 | D        | Reached skill level 15 in Axes
    12 | D        | Reached XP level 14. HP: 55/86 MP: 6/42
    12 | D        | Noticed a bag of meat
    12 | D        | Noticed a meat berserker
    13 | D        | Killed a bag of meat
    13 | D        | Noticed a bag of meat
    14 | D        | Noticed a meat berserker
    14 | D        | Noticed a bag of meat
    14 | D        | Noticed a bag of meat
    14 | D        | Noticed a meat berserker
    14 | D        | Noticed a bag of meat
    14 | D        | Noticed a bag of meat
    14 | D        | Noticed a bag of meat
    14 | D        | Noticed a bag of meat
    14 | D        | Noticed a bag of meat
    14 | D        | Noticed a bag of meat
    14 | D        | Noticed a bag of meat
    15 | D        | Killed a bag of meat
    15 | D        | Reached ** piety under Makhleb
    15 | D        | Reached XP level 15. HP: 41/92 MP: 6/46
    15 | D        | Reached skill level 10 in Invocations
    15 | D        | Reached skill level 10 in Throwing
    15 | D        | Reached skill level 27 in Spellcasting
    15 | D        | Noticed a meat berserker
    16 | D        | Reached *** piety under Makhleb
    16 | D        | Reached skill level 15 in Invocations
    16 | D        | Reached XP level 16. HP: 101/101 MP: 7/48
    18 | D        | Noticed a meat berserker
    20 | D        | Reached **** piety under Makhleb
    20 | D        | Reached XP level 17. HP: 110/110 MP: 8/49
    22 | D        | Killed a meat berserker
    23 | D        | Reached XP level 18. HP: 120/120 MP: 8/50
    23 | D        | Noticed a meat berserker
    25 | D        | Noticed a meat berserker
    26 | D        | Killed a meat berserker
    26 | D        | Reached ***** piety under Makhleb
    26 | D        | Reached skill level 27 in Invocations
    26 | D        | Killed a meat berserker
    26 | D        | Reached skill level 27 in Fighting
    26 | D        | Reached skill level 27 in Axes
    26 | D        | Reached XP level 19. HP: 132/132 MP: 9/51
    30 | D        | Killed a meat berserker
    30 | D        | Noticed a meat berserker
    31 | D        | Killed a meat berserker
    31 | D        | Reached skill level 27 in Throwing
    31 | D        | Noticed a meat berserker
    33 | D        | Killed a meat berserker
    33 | D        | Reached XP level 20. HP: 137/137 MP: 10/52
    33 | D        | Noticed a destroyer
    35 | D        | Reached skill level 15 in Unarmed Combat
    35 | D        | Reached ****** piety under Makhleb
    35 | D        | Reached skill level 27 in Stealth
    36 | D        | Reached XP level 21. HP: 142/142 MP: 11/53
    37 | D        | Killed a destroyer
    38 | D        | Reached XP level 22. HP: 148/148 MP: 11/54
    38 | D        | Reached skill level 27 in Unarmed Combat
    40 | D        | Reached skill level 27 in Armour
    41 | D        | Noticed a large bag of meat
    43 | D        | Reached XP level 23. HP: 153/153 MP: 13/55
    43 | D        | Noticed a large bag of meat
    50 | D        | Reached XP level 24. HP: 158/158 MP: 14/55
    53 | D        | Noticed a destroyer
    54 | D        | Killed a large bag of meat
    54 | D        | Killed a large bag of meat
    54 | D        | Reached XP level 25. HP: 163/163 MP: 15/55
    58 | D        | Noticed a large bag of meat
    61 | D        | Noticed a meat beast
    61 | D        | Annihilated by a sculptor of flesh

Skill      XL: |  1  2  3  4  5  6  7  8  9 10 11 12 13 14 15 16 17 18 19 20 21 22 |
---------------+-------------------------------------------------------------------+-----
Fighting       | 12 15 16 18 21 23 27 | 27.0
Axes           | 12 15 17 20 22 25 27 | 27.0
Throwing       | 6 7 9 10 11 12 18 27 | 27.0
Dodging        | 25 27 | 27.0
Spellcasting   | 20 23 26 27 | 27.0
Invocations    | 7 15 20 24 27 | 27.0
Armour         | 11 17 25 27 | 27.0
Stealth        | 21 27 | 27.0
Unarmed Combat | 12 18 26 27 | 27.0
Translocations | |  4.4

Action                   |  1- 3 |  4- 6 |  7- 9 | 10-12 | 13-15 | 16-18 | 19-21 | 22-24 | 25-27 || total
-------------------------+-------+-------+-------+-------+-------+-------+-------+-------+-------++-------
Melee: Broad axe         |     1 |       |       |       |     5 |     8 |     7 |     8 |     2 ||    31
Invok: Greater Servant o |       |       |       |       |       |       |       |       |     1 ||     1
  Use: Scroll            |       |       |       |       |     2 |       |       |       |       ||     2
Dodge: Dodged            |       |       |       |       |       |       |       |     2 |     1 ||     3
